 Dungeon Crawl Stone Soup version 0.23.0-42-geed6394 (webtiles) character file.

Game seed: 8763872377604109560

56 nganga the Stinger (level 3, -4/28 HPs)
             Began as a Naga Venom Mage on Feb 28, 2019.
             Slain by a worm (8 damage)
             ... on level 2 of the Dungeon.
             The game lasted 00:48:11 (1654 turns).

nganga the Stinger (Naga Venom Mage)                Turns: 1654, Time: 00:48:11

Health: -4/28      AC:  3    Str: 10    XL:     3   Next: 97%
Magic:  0/6        EV: 10    Int: 16    God:
Gold:   55         SH:  4    Dex: 11    Spells: 1/7 levels left

rFire    . . .     SeeInvis +   h - +0 dagger
rCold    . . .     Gourm    .   (no shield)
rNeg     . . .     Faith    .   g - +1 leather armour
rPois    +         Spirit   .   (no helmet)
rElec    .         Reflect  .   (no cloak)
rCorr    .         Harm     .   (no gloves)
MR       .....                  (no barding)
Stlth    ++........             (no amulet)
HPRegen  0.09/turn              k - +1 ring of evasion
MPRegen  0.10/turn              (no ring)

@: very slightly contaminated, very slow
A: large, large bone plates 1, see invisible, deformed body, sense surroundings
1, poison resistance, slowness 2, slow metabolism 1, spit poison 1, AC +1
a: Spit Poison


You were on level 2 of the Dungeon.
You were hungry.

You visited 1 branch of the dungeon, and saw 2 of its levels.

You collected 55 gold pieces.

Inventory:

Hand Weapons
 h - a +0 dagger (weapon)
 j - a +0 club
Armour
 g - a +1 leather armour (worn)
Jewellery
 k - a +1 ring of evasion (left hand)
Scrolls
 f - a scroll of remove curse
Potions
 a - a potion of curing
Comestibles
 c - 2 rations
 d - a chunk of flesh


   Skills:
 + Level 1.0 Armour
 - Level 1.6 Dodging
 + Level 3.2 Stealth
 * Level 2.6 Spellcasting
 + Level 1.7 Conjurations
 + Level 4.7 Poison Magic


You had one spell level left.
You knew the following spells:

 Your Spells              Type           Power        Failure   Level  Hunger
a - Sting                 Conj/Pois      ##..         7%          1    #......
b - Poisonous Vapours     Pois/Air       #.....       16%         2    ##.....
d - Mephitic Cloud        Conj/Pois/Air  #.......     32%         3    ###....

Your spell library contained the following spells:

 Spells                   Type           Power        Failure   Level  Hunger
 Olgreb's Toxic Radiance  Pois           ###.....     36%         4    #####..
 Venom Bolt               Conj/Pois      ##........   89%         5    ######.


Dungeon Overview and Level Annotations

Branches:
Dungeon (2/15)

Altars:


Innate Abilities, Weirdness & Mutations

You cannot wear boots.
Your serpentine skin is tough. (AC +1)
You have supernaturally acute eyesight. (SInv)
Armour fits poorly on your strangely shaped body.
Your system is resistant to poisons. (rPois)
You cover ground very slowly.
You have a slow metabolism.
You can spit poison.
You are partially covered in large bone plates. (SH +4)
You passively map a small area around you.


Message History

The worm is moderately wounded.
You feel less wooden.
Your +1 leather armour unmelds from your body.
The kobold hits you. The rat bites you. The worm bites you but does no damage.
Some of the chunks of flesh in your inventory have rotted away.
You barely miss the kobold. The kobold hits you. The rat bites you.
You hit the kobold but do no damage. You block the kobold's attack.
The worm bites you!
* * * LOW HITPOINT WARNING * * *
The rat barely misses you.
Casting: Sting (safe; 7% risk of failure)
Confirm with . or Enter, or press ? or * to list all spells.
Aiming: Sting (safe; 7% risk of failure)
Press: ? - help, Shift-Dir - straight line, f - kobold, p - worm
Aim: a kobold The sting hits the kobold.
The kobold is moderately wounded.
The kobold hits you but does no damage. The rat barely misses you.
The worm bites you!
You die...

#####################
#....................
#.###################
#.# #........ * #.#
#........
###.####........
#....w@Kb.......,
#....r##........, ,
#............... ,
##.)............
#....#.........
#....#.........
#....##.#..#+## *
#....##..... ,* ,


You could see a worm, a bat, a kobold and a rat.

Vanquished Creatures
  2 adders (D:2)
  2 oozes
  3 dart slugs
  3 giant cockroaches
  A goblin (D:1)
  5 hobgoblins
  2 kobolds (D:2)
  2 bats
  4 frilled lizards
  2 rats (D:1)
26 creatures vanquished.

Notes
Turn   | Place    | Note
-------+----------+-------------------------------------------
     0 | D:1      | nganga the Naga Venom Mage began the quest for the Orb.
     0 | D:1      | Reached XP level 1. HP: 15/15 MP: 3/3
   348 | D:1      | Reached XP level 2. HP: 22/22 MP: 3/5
   627 | D:1      | HP: 1/22 [ooze (2)]
   628 | D:1      | Gained mutation: You passively map a small area around you.
                  | [potion of mutation]
   628 | D:1      | Gained mutation: You are partially covered in large bone
                  | plates. (SH +4) [potion of mutation]
  1337 | D:2      | Reached XP level 3. HP: 28/28 MP: 3/6
  1342 | D:2      | Learned a level 3 spell: Mephitic Cloud
  1505 | D:2      | Learned a level 2 spell: Poisonous Vapours
  1582 | D:2      | Reached skill level 1 in Armour
  1654 | D:2      | Slain by a worm

Skill      XL: |  1  2  3 |
---------------+----------+-----
Armour         | 1 |  1.0
Dodging        | |  1.6
Stealth        | |  3.2
Spellcasting   | |  2.6
Conjurations   | |  1.7
Poison Magic   | |  4.7

Action                   || total
-------------------------++-------
Melee: Club              ||     2
       Dagger            ||    45
 Cast: Sting             ||    44
       Poisonous Vapours ||     3
       Mephitic Cloud    ||     1
  Use: Scroll            ||     4
       Potion            ||     3
  Eat: Chunk             ||     2
Armor: Leather armour    ||     7
       Skin              ||    49
Dodge: Dodged            ||    19
Block: Other             ||     3
